 Dungeon Crawl Stone Soup version 0.21-a0-84-g85d6d27 (webtiles) character file.

9016 slavetoarmok the Apostle (level 11, -2/99 HPs)
             Began as a Hill Orc Monk on July 3, 2017.
             Was a High Priest of Beogh.
             Killed from afar by a deep elf knight (35 damage)
             ... with a stone arrow
             ... on level 11 of the Dungeon on July 4, 2017.
             The game lasted 00:28:48 (10909 turns).

slavetoarmok the Apostle (Hill Orc Monk)           Turns: 10909, Time: 00:28:49

Health: -2/99      AC: 26    Str: 15 (18) XL:     11   Next: 39%
Magic:  20/20      EV:  6    Int:  9 (10) God:    Beogh [*****.]
Gold:   864        SH:  0    Dex: 15 (18) Spells: 10/10 levels left

rFire    . . .     SeeInvis .   b - +0 war axe
rCold    . . .     Gourm    .   (no shield)
rNeg     . . .     Faith    .   J - +0 plate armour
rPois    .         Spirit   .   p - +1 helmet
rElec    .         Reflect  .   U - +0 cloak
rCorr    .         Harm     .   A - +1 pair of gloves {Dex+3}
MR       +....                  B - +0 pair of boots
Stlth    ..........             x - amulet of rage
HPRegen  0.26/turn              n - +2 ring of dexterity
MPRegen  0.17/turn              w - +3 ring of protection

@: lethally poisoned (-2 -> -3), berserk cooldown, slowed, very slow
A: walk on water, iridescent scales 1, magic resistance 1
a: Smiting, Recall Orcish Followers, Give Item to Named Follower, Renounce
Religion, Evoke Berserk Rage


You were on level 11 of the Dungeon.
You worshipped Beogh.
Beogh was extremely pleased with you.
You were hungry.

You visited 1 branch of the dungeon, and saw 11 of its levels.

You collected 864 gold pieces.

Inventory:

Hand Weapons
 b - a +0 war axe (weapon)
 H - a +0 blowgun
Missiles
 D - a throwing net (quivered)
 I - 29 poisoned needles
Armour
 p - a +1 helmet (worn)
 A - a +1 pair of gloves of dexterity (worn)
 B - a +0 pair of boots (worn)
 J - a +0 plate armour (worn)
 O - the +1 pair of gloves of Life {rCorr}
   (You found it on level 8 of the Dungeon)

   It protects you from acid and corrosion.
 U - a +0 cloak (worn)
Jewellery
 n - a +2 ring of dexterity (left hand)
 o - a cursed ring of teleportation {unknown}
 w - a +3 ring of protection (right hand)
 x - an amulet of rage (around neck)
Wands
 h - a wand of lightning (10/15)
 y - a wand of iceblast (5/15)
Scrolls
 a - a scroll of immolation {unknown}
 e - 4 scrolls of remove curse
 j - 3 scrolls of teleportation {unknown}
 u - 3 scrolls of enchant armour {unknown}
 v - a scroll of amnesia {unknown}
 E - 2 scrolls of recharging {unknown}
 K - a scroll of enchant weapon
 L - 2 scrolls of identify
 N - a scroll of vulnerability
 R - 2 scrolls of torment {unknown}
 S - a scroll of blinking {unknown}
Potions
 d - a potion of heal wounds
 i - a potion of cancellation
 k - 3 potions of brilliance
 l - 2 potions of mutation
 m - a potion of lignification {unknown}
 r - 2 potions of might
 t - 3 potions of magic
 z - 5 potions of curing
 C - a potion of ambrosia {unknown}
Books
 s - a book of Necromancy

   Spells                             Type                      Level
   a - Pain                           Necromancy                   1
   b - Animate Skeleton               Necromancy                   1
   c - Vampiric Draining              Necromancy                   3
   d - Regeneration                   Charms/Necromancy            3
   e - Animate Dead                   Necromancy                   4
   f - Control Undead                 Necromancy                   4
 G - a book of Changes

   Spells                             Type                      Level
   a - Beastly Appendage              Transmutation                1
   b - Sticks to Snakes               Transmutation                2
   c - Spider Form                    Transmutation/Poison         3
   d - Ice Form                       Ice/Transmutation            4
   e - Blade Hands                    Transmutation                5
Comestibles
 c - 8 bread rations
 f - 5 royal jellies
 F - 4 meat rations
 M - 2 fruits


   Skills:
 + Level 9.9 Fighting
 + Level 10.7 Axes
 + Level 8.3 Armour
 - Level 3.8 Dodging
 - Level 2.6 Stealth
 + Level 12.4 Invocations
 - Level 3.6 Evocations


You had 10 spell levels left.
You didn't know any spells.

Dungeon Overview and Level Annotations

Branches:
Dungeon (11/15)            Temple (0/1) D:6            Lair (0/6) D:10
    Orc (0/2) D:11

Altars:
Cheibriados
Kikubaaqudgha
Ru
Trog
The Shining One

Shops:
D:6 (   D:8 (   D:10 !

Portals:
Trove: D:10 (give +5 demon trident)

Annotations:
D:11 Erica, Joseph


Innate Abilities, Weirdness & Mutations

You can walk on water.
You are partially covered in iridescent scales. (AC +2)
You are resistant to hostile enchantments. (MR+)


Message History

You feel a bit more experienced.
The cyclops yells, "Help!"
You feel sick.
The deep elf knight shoots an arrow.
The arrow hits you but does no damage.
The deep elf knight shoots an arrow.
The arrow hits you but does no damage.
You see here 2 arrows.
You feel sick.
The deep elf knight shoots an arrow.
The arrow hits you!
* * * LOW HITPOINT WARNING * * *
The deep elf knight shoots an arrow.
The arrow hits you but does no damage.
You see here an arrow.
Okay, then.
Okay, then.
It was a potion of degeneration.
There was something very wrong with that liquid.
You feel weakened.
You feel dopey.
You feel clumsy.
You feel sick.
You feel much better.
The deep elf knight casts a spell at you.
The stone arrow hits you!
You die...

....# .... .......# ...#
..... #.....# ...##.....
#.....####### ..........
#...........# ..........
#...........# o.........
#.....((....# ##.#####+###
#....e##(...#
##.####...>###)..(.##(...#
.#..............@..+.{(..#
.#.................#.(...#
.#.................#.(...#
.#.................#.....#
##.####..###..##...##e.@.#
##.####..####+##...##..o.#
...#......# #...#..(..#
...#......# #...+..(..#
...#......# #...#...(##


You could see a deep elf knight.

Vanquished Creatures
  Harold (D:11)
  A two-headed ogre (D:8)
  Pikel (D:9)
  A komodo dragon (D:10)
  Sigmund (D:4)
  3 yaks (D:9)
  A human (D:7)
  A wyvern (D:10)
  4 hogs (D:7)
  A wraith (D:10)
  The ghost of TwoGrow the Shooter, an amateur DsHu (D:3)
  An orc warrior (D:7)
  A sky beast (D:9)
  2 slaves (D:9)
  2 ice beasts
  A phantom (D:8)
  6 ogres
  2 centaurs (D:9)
  A crocodile (D:8)
  3 big kobolds
  4 bullfrogs
  3 scorpions
  4 wights (D:10)
  3 howler monkeys
  A centaur zombie (D:8)
  2 crimson imps
  A quasit (D:7)
  4 hounds
  A jelly (D:6)
  A centaur skeleton (D:6)
  3 orc wizards
  3 iguanas
  8 worker ants
  A hound skeleton (D:7)
  3 gnolls
  A worker ant zombie (D:8)
  6 adders
  5 shadow imps
  2 adder skeletons (D:4)
  3 worms (D:2)
  4 leopard geckos
  20 orcs
  6 bats
  7 giant cockroaches
  6 hobgoblins
  5 jackals
  5 quokkas
  3 ball pythons
  A ball python skeleton (D:4)
  4 frilled lizards
  8 goblins
  A hobgoblin zombie (D:7)
  3 jackal skeletons
  14 kobolds
  A kobold skeleton (D:7)
  A kobold zombie (D:7)
  3 orc skeletons (D:7)
  2 orc zombies (D:7)
  A quokka skeleton (D:5)
  10 rats
  A rat zombie (D:7)
  2 plants (D:10)
202 creatures vanquished.

Vanquished Creatures (collateral kills)
  A hydra (D:11)
  Urug (D:11)
  An unseen horror (D:10)
  An orc knight (D:11)
  A hippogriff (D:11)
  5 yaks (D:9)
  A wyvern (D:9)
  A hungry ghost (D:9)
  2 slaves (D:9)
  A bullfrog (D:10)
  A wyvern zombie (D:8)
  A wyvern skeleton (D:9)
  A wight (D:10)
  A howler monkey (D:8)
  A quasit (D:8)
  A bullfrog zombie (D:11)
  2 hounds
  2 iguanas
  2 worker ants
  An adder (D:11)
  A bat zombie (D:7)
  A kobold (D:10)
  A plant (D:10)
31 creatures vanquished.

Vanquished Creatures (others)
  An orc high priest (D:11)
  An orc warrior (D:11)
  An orc wizard (D:11)
  5 orcs
  A quokka skeleton (D:4)
  A plant (D:10)
  5 toadstools (D:1)
15 creatures vanquished.

Grand Total: 248 creatures vanquished

Notes
Turn   | Place    | Note
-------+----------+-------------------------------------------
     0 | D:1      | slavetoarmok the Hill Orc Monk began the quest for the Orb.
     0 | D:1      | Reached XP level 1. HP: 19/19 MP: 1/1
   373 | D:1      | Reached XP level 2. HP: 14/27 MP: 2/2
  1014 | D:2      | Reached XP level 3. HP: 25/33 MP: 3/3
  1041 | D:2      | Found a bloodstained altar of Trog.
  1120 | D:2      | Reached skill level 1 in Armour
  1592 | D:2      | Reached XP level 4. HP: 24/40 MP: 4/4
  2339 | D:3      | Found a snail-covered altar of Cheibriados.
  2375 | D:3      | Noticed TwoGrow's ghost (amateur DsHu)
  3036 | D:3      | Killed TwoGrow's ghost
  3036 | D:3      | Reached skill level 5 in Fighting
  3036 | D:3      | Reached skill level 5 in Axes
  3036 | D:3      | Reached XP level 5. HP: 48/48 MP: 5/5
  3036 | D:3      | Reached XP level 6. HP: 56/56 MP: 6/6
  3351 | D:4      | Noticed Sigmund
  3653 | D:4      | Became a worshipper of Beogh the Brigand
  3653 | D:4      | Reached * piety under Beogh
  3653 | D:4      | Reached ** piety under Beogh
  3677 | D:4      | Reached XP level 7. HP: 61/61 MP: 7/7
  3814 | D:4      | Reached skill level 1 in Evocations
  3989 | D:4      | Killed Sigmund
  4271 | D:5      | Entered Level 5 of the Dungeon
  4929 | D:6      | Found Kaesosch's Antique Weapon Shop.
  4953 | D:6      | Reached XP level 8. HP: 61/70 MP: 9/9
  5009 | D:6      | Found a staircase to the Ecumenical Temple.
  5633 | D:7      | Found a glowing golden altar of the Shining One.
  6214 | D:7      | Reached skill level 5 in Armour
  6226 | D:7      | Reached *** piety under Beogh
  6515 | D:7      | Reached skill level 1 in Invocations
  6568 | D:7      | Reached skill level 2 in Invocations
  6725 | D:7      | Reached skill level 3 in Invocations
  6750 | D:7      | Reached skill level 5 in Invocations
  6750 | D:7      | Reached XP level 9. HP: 60/79 MP: 10/12
  6757 | D:7      | Reached skill level 6 in Invocations
  6777 | D:7      | Reached skill level 7 in Invocations
  6801 | D:7      | Reached skill level 8 in Invocations
  7102 | D:7      | Found an ancient bone altar of Kikubaaqudgha.
  7423 | D:8      | Found Homaynem's Antique Weapon Shoppe.
  7510 | D:8      | Reached skill level 9 in Invocations
  7646 | D:8      | Reached skill level 10 in Invocations
  7658 | D:8      | Noticed a two-headed ogre
  7668 | D:8      | Killed a two-headed ogre
  7668 | D:8      | Reached XP level 10. HP: 48/86 MP: 16/18
  7674 | D:8      | Got a pair of translucent gloves
  7958 | D:8      | Reached **** piety under Beogh
  8224 | D:8      | Found a sacrificial altar of Ru.
  8440 | D:9      | Reached skill level 11 in Invocations
  8614 | D:9      | Noticed Pikel
  8629 | D:9      | Killed Pikel
  9049 | D:9      | Gained mutation: You are partially covered in iridescent scales. (AC +2) [mutagenic meat]
  9050 | D:9      | Gained mutation: You are resistant to hostile enchantments. (MR+) [mutagenic meat]
  9091 | D:9      | Identified the +1 pair of gloves of Life {rCorr} (You found it on level 8 of the Dungeon)
  9243 | D:10     | Entered Level 10 of the Dungeon
  9289 | D:10     | Gained Morbeogh as an ally
  9523 | D:10     | Killed an unseen horror
  9607 | D:10     | Found Boamn's Distillery.
  9778 | D:10     | Reached skill level 10 in Axes
  9795 | D:10     | Reached ***** piety under Beogh
  9795 | D:10     | Reached XP level 11. HP: 97/97 MP: 19/19
  9902 | D:10     | Found a staircase to the Lair.
 10093 | D:10     | Reached skill level 12 in Invocations
 10252 | D:10     | Found a portal to a secret trove of treasure.
 10484 | D:11     | Found a staircase to the Orcish Mines.
 10500 | D:11     | Noticed a four-headed hydra
 10515 | D:11     | HP: 4/145 [ten-headed hydra (10)]
 10516 | D:11     | Killed an 11-headed hydra
 10870 | D:11     | Noticed Harold
 10870 | D:11     | Noticed Urug
 10870 | D:11     | Noticed an orc knight
 10872 | D:11     | Noticed Joseph
 10885 | D:11     | Noticed Erica
 10886 | D:11     | HP: 5/145 [orc knight/enchanted scimitar (10)]
 10887 | D:11     | Killed Harold
 10893 | D:11     | Killed Urug
 10897 | D:11     | Noticed a deep elf knight
 10901 | D:11     | Noticed a cyclops
 10902 | D:11     | Your ally Morbeogh died
 10905 | D:11     | Killed an orc knight
 10907 | D:11     | HP: 4/99 [deep elf knight/arrow (12)]
 10909 | D:11     | Killed from afar by a deep elf knight

Vault maps used:
D:1:      ldierk_walled_garden, minmay_cupped
D:2:      lemuel_crystal_altar, minmay_pentomino_s2
D:3:      lemuel_round_altar, serial_glass, glass_columns_a, glass_columns_a,
          grunt_ministairs_4
D:4:      uniq_sigmund
D:5:      first_bread, nicolae_underground_beach
D:6:      minmay_temple_entry_statues_pillars, serial_shops,
          nicolae_shop_temple_entry_statues_fountains, minmay_misc_feat_cross
D:7:      lemuel_zombie_altar_kikubaaqudgha, grunt_livestock,
          nicolae_tso_besieged_by_evil
D:8:      hangedman_ru_absence, serial_shops, shop
D:9:      uniq_pikel
D:10:     david_lair_shrubbed, enter_trove_6, serial_shops, shop_statue
D:11:     orc_0_dummy, sword_in_stone

Skill      XL: |  1  2  3  4  5  6  7  8  9 10 11 |
---------------+----------------------------------+-----
Fighting       | 4 5 6 7 9 |  9.9
Armour         | 1 2 3 4 5 7 8 |  8.3
Stealth        | 2 |  2.6
Axes           | 5 6 7 8 10 | 10.7
Dodging        | 3 |  3.8
Evocations     | 2 3 |  3.6
Invocations    | 5 10 11 12 | 12.4

Action                   |  1- 3 |  4- 6 |  7- 9 | 10-12 || total
-------------------------+-------+-------+-------+-------++-------
Melee: Hand axe          |   126 |    78 |       |       ||   204
       War axe           |       |    93 |   349 |   288 ||   730
Invok: Convert to Beogh  |       |     1 |       |       ||     1
       Recall Orcish Fol |       |       |       |     3 ||     3
 Abil: Evoke Berserk Rag |       |     1 |     3 |     3 ||     7
  Use: Scroll            |       |     3 |       |    10 ||    13
       Potion            |       |       |       |     4 ||     4
 Stab: Sleeping          |     6 |       |       |       ||     6
       Distracted        |       |       |       |     1 ||     1
  Eat: Chunk             |     2 |     7 |    12 |    14 ||    35
       Fruit             |       |       |     2 |     2 ||     4
       Royal jelly       |       |       |     1 |     1 ||     2
Armor: Robe              |    26 |    16 |       |       ||    42
       Scale mail        |       |    67 |   119 |       ||   186
       Plate armour      |       |       |    97 |   279 ||   376
Dodge: Dodged            |    75 |   102 |   184 |   144 ||   505
